 Dungeon Crawl Stone Soup version 0.31.0-11-ge490571c62 (webtiles) character file.

Game seed: 11848676773476308572

102 hikkokomori the Magician (level 4, 0/24 HPs)
             Began as a Deep Elf Alchemist on Feb 3, 2024.
             Was an Initiate of Vehumet.
             Slain by an orc
             ... wielding a +0 club
              (5 damage)
             ... on level 3 of the Dungeon.
             The game lasted 00:04:19 (2546 turns).

hikkokomori the Magician (Deep Elf Alchemist)       Turns: 2546, Time: 00:04:20

Health: 0/24       AC:  2    Str:  5    XL:     4   Next: 50%
Magic:  12/12      EV: 12    Int: 24    God:    Vehumet [......]
Gold:   19         SH:  0    Dex: 15    Spells: 3/11 levels left

rFire   . . .        j - +7 spear of Sin {venom, Int+2}
rCold   . . .        (no shield)
rNeg    . . .        a - +0 robe
rPois   .            (no helmet)
rElec   .            (no cloak)
rCorr   .            (no gloves)
SInv    .            (no boots)
Will    .....        (no amulet)
Stlth   ++           (no ring)
HPRegen 0.24/turn    (no ring)
MPRegen 0.13/turn

%: no passive effects
@: no status effects
A: no striking features
a: Renounce Religion


You were on level 3 of the Dungeon.
You worshipped Vehumet.
Vehumet was noncommittal.
You visited 1 branch of the dungeon, and saw 3 of its levels.

You collected 140 gold pieces.
You spent 121 gold pieces at shops.

Inventory:

Hand Weapons
 e - a +0 sling
 j - the +7 spear of Sin (weapon) {venom, Int+2}
   (You found it on level 2 of the Dungeon)

   Int+2:     It affects your intelligence (+2).
 l - the +3 dagger of Bloody Death {spect, Str+3}
   (You took it off a goblin on level 2 of the Dungeon)

   Str+3:     It affects your strength (+3).
Missiles
 r - 6 poisoned darts
Armour
 a - a +0 robe (worn)
 t - a +0 cloak
Wands
 s - a wand of flame (14)
Scrolls
 c - 4 scrolls of identify {unknown}
 d - a scroll of blinking {unknown}
 f - a scroll of enchant armour {unknown}
 k - a scroll of butterflies {unknown}
 n - a scroll of amnesia {unknown}
 o - a scroll of teleportation {unknown}
Potions
 b - a potion of magic
 g - a potion of degeneration {unknown}
 h - 5 potions of curing
 i - a potion of enlightenment {unknown}
 m - a potion of resistance {unknown}
 p - 2 potions of heal wounds
 q - a potion of lignification


   Skills:
 + Level 0.6 Fighting
 - Level 2.4 Dodging
 - Level 2.4 Stealth
 + Level 4.3 Spellcasting
 + Level 2.6 Conjurations
 + Level 0.6 Air Magic
 + Level 4.1 Alchemy


You had 3 spell levels left.
You knew the following spells:

 Your Spells              Type           Power      Damage    Failure   Level
a - Sting                 Conj/Alch      84%        1d8       2%          1
b - Mephitic Cloud        Conj/Alch/Air  17%        N/A       11%         3
c - Olgreb's Toxic Radia  Alch           25%        N/A       17%         4

Your spell library contained the following spells:

 Spells                   Type           Power      Damage    Failure   Level
 Mercury Vapours          Alch/Air       32%        N/A       5%          2
 Sticky Flame             Fire/Alch      15%        2d5       38%         4


Dungeon Overview and Level Annotations

Branches:
Dungeon (3/15)

Altars:
Uskayaw
Vehumet

Shops:
D:3 :(![

Annotations:
D:3 1 transporter


Message History

No target in view!
No target in view!
No target in view!
No target in view!
No target in view!
An orc comes into view. It is wielding a +0 club.
An orc is nearby!
An orc is nearby!
An orc is nearby!
An orc comes into view. It is wielding a +0 club.
An orc priest comes into view. It is wielding a +0 whip.
Found 2 pink potions.
The orc shouts!
Found a pair of gloves.
The orc priest shouts!
You puncture the orc!
You kill the orc!
Vehumet accepts your kill.
You see here a +0 club.
You hit the orc priest.
The orc priest is moderately wounded.
The orc priest hits you with a +0 whip.
You barely miss the orc priest.
The orc priest is moderately wounded.
The orc priest barely misses you.
You puncture the orc priest!
The orc priest is poisoned.
The orc priest is severely wounded.
The orc priest barely misses you.
You closely miss the orc priest.
The orc priest is almost dead.
The orc priest invokes the aid of Beogh against you.
Pain shoots through your body!
Ouch! That really hurt!
The orc hits you with a +0 club.
* * * LOW HITPOINT WARNING * * *
You hit the orc priest.
You kill the orc priest!
Vehumet accepts your kill. The orc hits you with a +0 club.
You die...

#P..P~~..P#
#.............
##P...[.P##
#............. ###♣_♣###
#########..... ###
#..... #.....
###################.....
#........[..............
#.......................
#.....)@................
#[.....o....)........)..
#.....................).
#...........†...........
#.!.....................
#........##########.....
##.......# #.....
#.......# #..... .......
#.....


You could see an orc.

Vanquished Creatures
  An orc priest (D:3)
  3 adders
  A ribbon worm (D:3)
  A dart slug (D:3)
  4 orcs (D:3)
  4 endoplasms
  4 giant cockroaches
  4 goblins (D:2)
  4 hobgoblins
  8 jackals
  4 kobolds
  10 ball pythons
  7 bats
  3 frilled lizards
  6 rats
64 creatures vanquished.

Notes
Turn   | Place    | Note
-------+----------+-------------------------------------------
     0 | D:1      | hikkokomori the Deep Elf Alchemist began the quest for the
                  | Orb.
     0 | D:1      | Reached XP level 1. HP: 10/10 MP: 6/6
   181 | D:1      | Reached XP level 2. HP: 5/15 MP: 2/8
  1046 | D:1      | Reached XP level 3. HP: 19/19 MP: 8/10
  1417 | D:2      | Identified the +7 spear of Sin {venom, Int+2}
  1559 | D:2      | Learned a level 3 spell: Mephitic Cloud
  1678 | D:2      | Identified the +3 dagger of Bloody Death {spect, Str+3}
  1681 | D:2      | Reached XP level 4. HP: 24/24 MP: 12/12
  1729 | D:2      | Found a hide-covered altar of Uskayaw.
  1994 | D:3      | Found a faded altar of an unknown god.
  2118 | D:3      | Found Zieck's Weapon Emporium.
  2136 | D:3      | Found Podyefat's Distillery.
  2179 | D:3      | Bought a potion of curing for 33 gold pieces
  2179 | D:3      | Bought a potion of lignification for 33 gold pieces
  2179 | D:3      | Bought a potion of heal wounds for 55 gold pieces
  2231 | D:3      | Found a transporter.
  2235 | D:3      | Found Wuilux's Antique Armour Emporium.
  2401 | D:3      | Found a radiant altar of Vehumet.
  2438 | D:3      | Became a worshipper of Vehumet
  2471 | D:3      | Found Qiuqoaq's Book Shop.
  2484 | D:3      | Learned a level 4 spell: Olgreb's Toxic Radiance
  2546 | D:3      | Slain by an orc

Illustrated notes

Levels and vault maps discovered:
D:1:      tarquinn_simple_flora_water_c, layout_loops_ring, serial_glass,
          glass_columns_b, glass_columns_a, due_unseen_surprise,
          item_on_display_a, item_on_display_a, minmay_strange_pillars,
          minmay_pentomino_x4
D:2:      layout_basic, basic_altar
D:3:      layout_basic, vehumet_altar_wand_db,
          dreamdust_ecumenical_altar_hidden_monk_grotto, serial_shops, shop,
          shop, nicolae_shop_hallway_plus, nicolae_shop_drivethru

Skill      XL: |  1  2  3 |
---------------+----------+-----
Conjurations   | 2 |  2.6
Spellcasting   | 4 |  4.3
Alchemy        | 4 |  4.1
Fighting       | |  0.6
Dodging        | |  2.4
Stealth        | |  2.4
Air Magic      | |  0.6

Action                     |  1- 3 |  4- 6 || total
---------------------------+-------+-------++-------
  Melee: Spear             |    18 |    40 ||    58
   Fire: Sling             |    49 |       ||    49
   Cast: Sting             |    54 |     6 ||    60
   Stab: Sleeping          |     1 |     1 ||     2
 Armour: Robe              |    12 |    22 ||    34
  Dodge: Dodged            |    32 |    12 ||    44
